 Dungeon Crawl Stone Soup version 0.16.1-11-g651b585 (webtiles) character file.

429 ztt the Shield-Bearer (level 6, -13/56 HPs)
             Began as a Minotaur Fighter on Apr 7, 2015.
             Mangled by Pikel
             ... wielding a +1 whip of electrocution
              (18 damage)
             ... on level 4 of the Dungeon.
             The game lasted 00:02:49 (2178 turns).

ztt the Shield-Bearer (Minotaur Fighter)            Turns: 2178, Time: 00:02:50

Health: -13/56     AC:  8    Str: 28    XL:     6   Next: 66%
Magic:  3/3        EV:  9    Int:  5    God:
Gold:   129        SH: 11    Dex:  9    Spells: 0 memorised, 5 levels left

rFire  . . .     SeeInvis .     a - +0 war axe
rCold  . . .     Clarity  .     b - +0 scale mail
rNeg   . . .     SustAb   .     c - +0 shield (curse)
rPois  .         Gourm    .     (helmet restricted)
rElec  .         Spirit   .     m - +0 cloak
rCorr  .         Warding  .     (no gloves)
rMut   .         Stasis   .     (no boots)
MR     .....                    (no amulet)
Stlth  ..........               (no ring)
                                (no ring)

@: mighty, not resistant to hostile enchantments, extremely unstealthy
A: retaliatory headbutt, horns 2
a: no special abilities


You were on level 4 of the Dungeon.
You were not hungry.

You visited 1 branch of the dungeon, and saw 4 of its levels.

You collected 129 gold pieces.

Inventory:

Hand weapons
 a - a +0 war axe (weapon)
Armour
 b - a +0 scale mail (worn)
 c - a cursed +0 shield (worn)
 m - a +0 cloak (worn)
Jewellery
 n - an uncursed ring of wizardry {unknown}
 t - a cursed ring of teleportation {unknown}
Scrolls
 f - a scroll of magic mapping {unknown}
 g - 9 scrolls of identify {unknown}
 i - a scroll of recharging {unknown}
 k - 4 scrolls of immolation {unknown}
 o - a scroll of blinking {unknown}
 p - a scroll of fear {unknown}
 s - a scroll of noise {unknown}
Potions
 h - 3 potions of curing
 j - a potion of restore abilities {unknown}
 l - 2 potions of haste {unknown}
 q - 2 potions of mutation {unknown}
 r - a potion of cancellation {unknown}
Comestibles
 d - 2 bread rations


   Skills:
 + Level 5.1 Fighting
 + Level 4.4 Axes
 + Level 5.1 Armour
 + Level 2.0 Dodging
 + Level 0.3 Stealth
 + Level 5.8 Shields


You had 5 spell levels left.
You didn't know any spells.

Dungeon Overview and Level Annotations

Branches:
Dungeon (4/15)
 Temple: D:4-7

Altars:
Cheibriados
Gozag
Nemelex Xobeh

Shops:
D:4 %

Annotations:
D:4 Pikel


Innate Abilities, Weirdness & Mutations

You reflexively headbutt those who attack you in melee.
You have a pair of horns on your head.


Message History

It was a potion of curing.
You feel better.
You hit Pikel.
Pikel is severely wounded.
You block Pikel's attack.
You slash Pikel!
Pikel is almost dead.
Pikel hits you but does no damage.
You closely miss Pikel.
Pikel is almost dead.
Pikel hits you but does no damage.
Your shield and scale mail prevent you from hitting Pikel.
Your headbutt misses Pikel.
Pikel is almost dead.
You block Pikel's attack.
You closely miss Pikel. Your headbutt misses Pikel.
Pikel is almost dead.
Pikel hits you with a whip of electrocution.
* * * LOW HITPOINT WARNING * * *
You are electrocuted!
You die...

# ##.<####.# #
##.#.####.#
#####(###.#...#
.....## ##..#
###.#.# #.#.# #
#.##.#.##.######
###.###....†.....#
##...##..##.####.#
.........##># #@#
##...###.##.# #K#
##.## #.# #p# #...
#.####p# ####.
#..p.pp# .
###.p### #... #...
#...


You could see Pikel and 4 slaves.

Vanquished Creatures
  Menkaure (D:4)
  2 orc priests (D:3)
  2 orc wizards (D:3)
  4 gnolls
  6 adders
  A giant mite (D:2)
  4 worms
  5 giant geckos
  7 orcs (D:3)
  3 giant cockroaches
  15 goblins
  5 hobgoblins
  3 jackals (D:2)
  2 quokkas (D:3)
  A ball python (D:3)
  5 bats
  4 giant newts
  7 kobolds
  8 rats
85 creatures vanquished.

Notes
Turn   | Place    | Note
--------------------------------------------------------------
     0 | D:1      | ztt, the Minotaur Fighter, began the quest for the Orb.
     0 | D:1      | Reached XP level 1. HP: 19/19 MP: 1/1
    72 | D:1      | Reached skill level 4 in Armour
    72 | D:1      | Reached XP level 2. HP: 18/27 MP: 1/1
   479 | D:2      | Reached XP level 3. HP: 33/33 MP: 2/2
   673 | D:2      | Found a snail-covered altar of Cheibriados.
   692 | D:2      | Reached XP level 4. HP: 40/40 MP: 2/2
   762 | D:2      | Found an opulent altar of Gozag.
   833 | D:2      | Found a sparkling altar of Nemelex Xobeh.
  1250 | D:3      | Reached XP level 5. HP: 22/47 MP: 2/2
  1415 | D:3      | Reached skill level 5 in Shields
  1477 | D:3      | Reached skill level 5 in Fighting
  1477 | D:3      | Reached skill level 5 in Armour
  1482 | D:3      | Reached skill level 1 in Dodging
  1482 | D:3      | Reached XP level 6. HP: 25/56 MP: 3/3
  2048 | D:4      | Found Agerah's Food Emporium.
  2148 | D:4      | Noticed Menkaure
  2151 | D:4      | Noticed Pikel
  2155 | D:4      | Killed Menkaure
  2178 | D:4      | Mangled by Pikel

Action                   |  1- 3 |  4- 6 || total
-------------------------+-------+-------++-------
Melee: War axe           |    54 |   148 ||   202
  Use: Potion            |       |     2 ||     2
  Eat: Fruit             |       |     2 ||     2
       Bread ration      |       |     1 ||     1
